[ AOE2 MATCH · #507379986 ]
UnrankedLithuanians vs Khitans
Player's team · LOSS
Rival team · WIN
[ REPLAY ANALYSIS · EXTRACTED FROM THE RECORDED GAME ]
Feudal
8:40
Castle
23:09
Imperial
—
| APM avg | 73.2 |
| APM peak | 128 |
| eAPM avg | 24.5 |
| Villagers / military | 65 / 50 |
Focus
⚔️ 59.1% · 🌾 40.9%
Cavalry Archer ×32 · Skirmisher ×12 · Mangonel ×2 · Scout Cavalry ×2 · Archer ×1 · Spearman ×1
Feudal
9:16
Castle
23:55
Imperial
—
| APM avg | 73.2 |
| APM peak | 117 |
| eAPM avg | 34.3 |
| Villagers / military | 111 / 115 |
Focus
⚔️ 49.2% · 🌾 50.8%
Steppe Lancer ×70 · Archer ×13 · Skirmisher ×12 · Scorpion ×11 · Militia ×5 · Spearman ×4
Match map
Initial resources + every placement click. Lines = walls · curves = elevation contours. ◆ gold · ⬟ stone · ● berries · ✦ relic · ◌ wall gap
Your base· Open — opponent sealed themselves in
GreatMaty's base· ✓ Closed at 23:55 · 55t walls · no gate
Smoothed initial terrain · ◌ = detected wall gap · hover for details
Inputs per minute
— dylanrobinson54 - - GreatMaty
Build order — dylanrobinson54
First 150 of 198 actions detected
| 0:00 | Create | Villager (Male) |
| 0:02 | Build | House |
| 0:03 | Build | House |
| 0:09 | Create | Villager (Male) |
| 0:10 | Create | Villager (Male) |
| 0:10 | Create | Villager (Male) |
| 0:31 | Create | Villager (Male) |
| 0:44 | Create | Villager (Male) |
| 1:33 | Create | Villager (Male) |
| 1:49 | Build | Lumber Camp |
| 2:00 | Create | Villager (Male) |
| 2:45 | Create | Villager (Male) |
| 2:45 | Create | Villager (Male) |
| 3:01 | Create | Villager (Male) |
| 3:41 | Build | House |
| 3:47 | Build | House |
| 3:52 | Create | Villager (Male) |
| 4:19 | Create | Villager (Male) |
| 4:31 | Build | Mill |
| 4:38 | Create | Villager (Male) |
| 5:04 | Create | Villager (Male) |
| 5:47 | Research | Loom |
| 5:50 | Create | Villager (Male) |
| 6:17 | Create | Villager (Male) |
| 6:30 | Research | Feudal Age |
| 6:32 | Research | Loom |
| 7:59 | Build | Barracks |
| 8:20 | Build | Barracks |
| 8:38 | Create | Villager (Male) |
| 8:40 | Age | Feudal Age |
| 8:41 | Research | Double-Bit Axe |
| 9:02 | Build | Stable |
| 9:24 | Create | Spearman |
| 9:30 | Create | Villager (Male) |
| 9:48 | Create | Scout Cavalry |
| 9:49 | Create | Scout Cavalry |
| 9:50 | Build | House |
| 9:59 | Create | Villager (Male) |
| 10:04 | Research | Horse Collar |
| 10:07 | Build | Farm |
| 10:08 | Build | Farm |
| 10:09 | Create | Villager (Male) |
| 10:38 | Create | Villager (Male) |
| 10:43 | Build | Farm |
| 10:45 | Build | Archery Range |
| 10:49 | Build | Palisade Wall |
| 10:51 | Build | Palisade Wall |
| 10:59 | Create | Villager (Male) |
| 11:22 | Build | Mill |
| 11:37 | Create | Villager (Male) |
| 11:45 | Build | House |
| 12:00 | Create | Skirmisher |
| 12:06 | Create | Villager (Male) |
| 12:08 | Create | Archer |
| 12:13 | Build | House |
| 12:19 | Build | Farm |
| 12:21 | Build | Farm |
| 12:31 | Create | Villager (Male) |
| 12:35 | Create | Villager (Male) |
| 12:38 | Build | Farm |
| 12:50 | Build | Palisade Wall |
| 12:52 | Build | Palisade Wall |
| 13:02 | Build | Farm |
| 13:12 | Create | Villager (Male) |
| 13:19 | Build | Mining Camp |
| 13:20 | Create | Villager (Male) |
| 13:27 | Create | Villager (Male) |
| 13:49 | Build | Palisade Wall |
| 13:51 | Build | Palisade Wall |
| 13:58 | Create | Skirmisher |
| 13:58 | Create | Skirmisher |
| 14:03 | Create | Villager (Male) |
| 14:09 | Build | Farm |
| 14:11 | Build | Farm |
| 14:23 | Create | Skirmisher |
| 14:28 | Create | Villager (Male) |
| 14:31 | Build | House |
| 14:32 | Build | House |
| 14:43 | Build | Farm |
| 15:01 | Create | Skirmisher |
| 15:03 | Build | Farm |
| 15:08 | Create | Villager (Male) |
| 15:21 | Build | Farm |
| 15:27 | Create | Villager (Male) |
| 15:43 | Build | Blacksmith |
| 15:53 | Create | Villager (Male) |
| 15:54 | Create | Skirmisher |
| 16:12 | Create | Skirmisher |
| 16:15 | Build | Palisade Wall |
| 16:21 | Create | Villager (Male) |
| 16:24 | Build | Palisade Wall |
| 16:35 | Build | House |
| 16:36 | Build | Palisade Wall |
| 16:41 | Create | Skirmisher |
| 16:48 | Research | Fletching |
| 16:51 | Build | House |
| 17:03 | Create | Skirmisher |
| 17:04 | Create | Villager (Male) |
| 17:11 | Build | Lumber Camp |
| 17:16 | Create | Villager (Male) |
| 17:23 | Build | Farm |
| 17:39 | Create | Skirmisher |
| 17:40 | Create | Villager (Male) |
| 17:44 | Build | House |
| 18:22 | Create | Villager (Male) |
| 18:25 | Build | Farm |
| 18:46 | Create | Villager (Male) |
| 18:48 | Build | Market |
| 19:13 | Create | Villager (Male) |
| 19:31 | Create | Villager (Male) |
| 19:34 | Build | Palisade Wall |
| 19:42 | Build | Farm |
| 19:59 | Build | Lumber Camp |
| 20:29 | Research | Castle Age |
| 20:31 | Build | Archery Range |
| 21:00 | Build | Mining Camp |
| 21:09 | Research | Padded Archer Armor |
| 21:36 | Create | Skirmisher |
| 21:36 | Create | Skirmisher |
| 22:10 | Create | Villager (Male) |
| 22:13 | Research | Gold Mining |
| 22:20 | Build | Archery Range |
| 23:09 | Age | Castle Age |
| 23:10 | Create | Cavalry Archer |
| 23:10 | Create | Cavalry Archer |
| 23:11 | Research | Bodkin Arrow |
| 23:21 | Create | Cavalry Archer |
| 23:25 | Create | Villager (Male) |
| 23:28 | Build | University |
| 23:30 | Build | Mill |
| 23:39 | Create | Cavalry Archer |
| 23:40 | Create | Cavalry Archer |
| 23:41 | Create | Cavalry Archer |
| 23:42 | Create | Villager (Male) |
| 24:06 | Create | Cavalry Archer |
| 24:06 | Create | Cavalry Archer |
| 24:22 | Research | Bloodlines |
| 24:44 | Create | Cavalry Archer |
| 24:45 | Create | Cavalry Archer |
| 24:47 | Create | Villager (Male) |
| 24:59 | Research | Town Watch |
| 25:00 | Build | House |
| 25:02 | Build | House |
| 25:27 | Create | Cavalry Archer |
| 25:27 | Create | Cavalry Archer |
| 25:28 | Create | Villager (Male) |
| 25:30 | Build | Farm |
| 25:33 | Research | Bow Saw |
| 25:57 | Research | Ballistics |
| 25:58 | Create | Villager (Male) |
Build order — GreatMaty
First 150 of 357 actions detected
| 0:01 | Create | Villager (Male) |
| 0:01 | Create | Villager (Male) |
| 0:01 | Create | Villager (Male) |
| 0:02 | Build | House |
| 0:03 | Build | House |
| 0:06 | Create | Villager (Male) |
| 0:07 | Create | Villager (Male) |
| 1:24 | Create | Villager (Male) |
| 1:24 | Create | Villager (Male) |
| 1:49 | Create | Villager (Male) |
| 1:49 | Create | Villager (Male) |
| 2:03 | Create | Villager (Male) |
| 2:03 | Create | Villager (Male) |
| 2:04 | Create | Villager (Male) |
| 2:20 | Build | Lumber Camp |
| 2:44 | Create | Villager (Male) |
| 2:44 | Create | Villager (Male) |
| 2:50 | Create | Villager (Male) |
| 2:50 | Create | Villager (Male) |
| 3:14 | Create | Villager (Male) |
| 3:14 | Create | Villager (Male) |
| 3:35 | Build | House |
| 3:39 | Create | Villager (Male) |
| 3:40 | Create | Villager (Male) |
| 3:44 | Create | Villager (Male) |
| 3:45 | Create | Villager (Male) |
| 4:07 | Create | Villager (Male) |
| 4:41 | Build | Mill |
| 4:47 | Build | Mill |
| 4:52 | Create | Villager (Male) |
| 5:20 | Create | Villager (Male) |
| 5:41 | Create | Villager (Male) |
| 5:41 | Research | Loom |
| 6:08 | Build | Barracks |
| 6:43 | Build | House |
| 7:02 | Research | Feudal Age |
| 7:21 | Create | Militia |
| 7:22 | Create | Militia |
| 7:32 | Create | Militia |
| 7:33 | Create | Militia |
| 7:45 | Build | Mill |
| 7:58 | Create | Militia |
| 8:01 | Build | House |
| 8:27 | Build | Mining Camp |
| 8:36 | Create | Villager (Male) |
| 8:53 | Build | House |
| 8:55 | Build | Palisade Wall |
| 9:16 | Age | Feudal Age |
| 9:25 | Research | Man-at-Arms (upgrade) |
| 9:25 | Research | Man-at-Arms (upgrade) |
| 9:27 | Create | Villager (Male) |
| 9:49 | Research | Double-Bit Axe |
| 9:49 | Research | Double-Bit Axe |
| 10:04 | Create | Villager (Male) |
| 10:28 | Create | Villager (Male) |
| 10:31 | Build | Archery Range |
| 10:39 | Create | Villager (Male) |
| 11:06 | Create | Villager (Male) |
| 11:13 | Build | House |
| 11:21 | Create | Archer |
| 11:22 | Create | Spearman |
| 11:24 | Create | Villager (Male) |
| 11:27 | Build | Pasture |
| 11:41 | Build | Palisade Wall |
| 11:43 | Build | Palisade Wall |
| 11:43 | Build | Palisade Wall |
| 11:56 | Build | House |
| 12:08 | Create | Villager (Male) |
| 12:10 | Create | Spearman |
| 12:11 | Create | Archer |
| 12:11 | Create | Archer |
| 12:18 | Create | Villager (Male) |
| 12:23 | Build | Pasture |
| 12:45 | Build | House |
| 12:45 | Create | Spearman |
| 12:59 | Create | Villager (Male) |
| 13:06 | Build | House |
| 13:07 | Build | Palisade Wall |
| 13:07 | Build | Palisade Wall |
| 13:12 | Create | Villager (Male) |
| 13:13 | Create | Archer |
| 13:26 | Create | Villager (Male) |
| 13:28 | Build | Pasture |
| 13:31 | Build | Pasture |
| 13:42 | Create | Villager (Male) |
| 13:45 | Build | House |
| 13:46 | Build | Palisade Wall |
| 13:52 | Create | Archer |
| 13:57 | Build | Palisade Wall |
| 13:57 | Build | Palisade Wall |
| 13:58 | Build | Palisade Wall |
| 13:58 | Build | Palisade Wall |
| 14:00 | Create | Skirmisher |
| 14:20 | Build | House |
| 14:22 | Build | Palisade Wall |
| 14:36 | Create | Villager (Male) |
| 14:44 | Build | Blacksmith |
| 14:49 | Create | Villager (Male) |
| 14:54 | Build | Palisade Wall |
| 15:08 | Create | Villager (Male) |
| 15:08 | Create | Archer |
| 15:33 | Research | Fletching |
| 15:33 | Research | Fletching |
| 15:37 | Create | Archer |
| 15:45 | Build | Palisade Wall |
| 15:48 | Build | Lumber Camp |
| 15:50 | Create | Villager (Male) |
| 15:54 | Build | House |
| 15:55 | Build | Palisade Wall |
| 16:08 | Create | Archer |
| 16:12 | Build | Pasture |
| 16:13 | Build | Pasture |
| 16:20 | Create | Villager (Male) |
| 16:26 | Build | House |
| 16:28 | Build | Palisade Wall |
| 16:30 | Create | Villager (Male) |
| 16:33 | Create | Spearman |
| 16:50 | Create | Villager (Male) |
| 16:51 | Create | Archer |
| 17:09 | Create | Archer |
| 17:23 | Build | Market |
| 17:26 | Build | Palisade Wall |
| 17:46 | Create | Villager (Male) |
| 17:47 | Create | Archer |
| 18:00 | Create | Villager (Male) |
| 18:06 | Build | Pasture |
| 18:07 | Build | Pasture |
| 18:07 | Build | Pasture |
| 18:07 | Build | Pasture |
| 18:07 | Build | Pasture |
| 18:07 | Build | Pasture |
| 18:08 | Build | Pasture |
| 18:25 | Build | House |
| 18:26 | Build | Palisade Wall |
| 18:31 | Create | Villager (Male) |
| 18:32 | Create | Archer |
| 18:43 | Build | Pasture |
| 18:45 | Build | Pasture |
| 18:49 | Create | Villager (Male) |
| 18:57 | Build | Pasture |
| 19:11 | Create | Villager (Male) |
| 19:12 | Create | Skirmisher |
| 19:22 | Build | Pasture |
| 19:41 | Build | Pasture |
| 19:47 | Build | Palisade Wall |
| 19:52 | Research | Wheelbarrow |
| 19:52 | Research | Wheelbarrow |
| 19:54 | Create | Archer |
| 20:15 | Build | House |
| 20:17 | Build | House |
Match timeline
| 6:08 | GreatMaty · first_building Barracks |
| 7:59 | dylanrobinson54 · first_building Barracks |
| 8:40 | dylanrobinson54 · age_up feudal |
| 8:55 | GreatMaty · wall_segment Palisade Wall x4 |
| 9:02 | dylanrobinson54 · first_building Stable |
| 9:16 | GreatMaty · age_up feudal |
| 10:31 | GreatMaty · first_building Archery Range |
| 10:45 | dylanrobinson54 · first_building Archery Range |
| 10:49 | dylanrobinson54 · wall_segment Palisade Wall x2 |
| 10:51 | dylanrobinson54 · wall_segment Palisade Wall x3 |
| 11:41 | GreatMaty · wall_segment Palisade Wall x1 |
| 11:43 | GreatMaty · wall_segment Palisade Wall x1 |
| 11:43 | GreatMaty · wall_segment Palisade Wall x1 |
| 12:50 | dylanrobinson54 · wall_segment Palisade Wall x4 |
| 12:52 | dylanrobinson54 · wall_segment Palisade Wall x1 |
| 13:07 | GreatMaty · wall_segment Palisade Wall x2 |
| 13:07 | GreatMaty · wall_segment Palisade Wall x1 |
| 13:46 | GreatMaty · wall_segment Palisade Wall x6 |
| 13:49 | dylanrobinson54 · wall_segment Palisade Wall x1 |
| 13:51 | dylanrobinson54 · wall_segment Palisade Wall x13 |
| 13:57 | GreatMaty · wall_segment Palisade Wall x1 |
| 13:57 | GreatMaty · wall_segment Palisade Wall x1 |
| 13:58 | GreatMaty · wall_segment Palisade Wall x1 |
| 13:58 | GreatMaty · wall_segment Palisade Wall x1 |
| 14:22 | GreatMaty · wall_segment Palisade Wall x7 |
| 14:54 | GreatMaty · wall_segment Palisade Wall x1 |
| 15:45 | GreatMaty · wall_segment Palisade Wall x10 |
| 15:55 | GreatMaty · wall_segment Palisade Wall x3 |
| 16:15 | dylanrobinson54 · wall_segment Palisade Wall x10 |
| 16:24 | dylanrobinson54 · wall_segment Palisade Wall x1 |
| 16:28 | GreatMaty · wall_segment Palisade Wall x12 |
| 16:36 | dylanrobinson54 · wall_segment Palisade Wall x1 |
| 17:26 | GreatMaty · wall_segment Palisade Wall x1 |
| 18:26 | GreatMaty · wall_segment Palisade Wall x1 |
| 19:24 | dylanrobinson54 · first_market_sell 500 stone |
| 19:26 | dylanrobinson54 · first_market_buy 100 food |
| 19:34 | dylanrobinson54 · wall_segment Palisade Wall x1 |
| 19:47 | GreatMaty · wall_segment Palisade Wall x1 |
| 20:43 | GreatMaty · first_building Stable |
| 23:09 | dylanrobinson54 · age_up castle |
| 23:55 | GreatMaty · age_up castle |
| 27:04 | GreatMaty · wall_segment Palisade Wall x1 |
| 28:16 | dylanrobinson54 · wall_segment Palisade Wall x3 |
| 28:18 | dylanrobinson54 · wall_segment Palisade Wall x7 |
| 28:24 | GreatMaty · first_building Siege Workshop |
| 29:51 | dylanrobinson54 · first_building Siege Workshop |
| 31:48 | GreatMaty · first_market_sell 100 wood |
| 33:48 | dylanrobinson54 · resign |
[ AI ANALYSIS · 1 CREDIT ]
What really happened in this match?
Wolo.gg analyzes every decision: build order, eco, micro, common mistakes by bracket. Personalized analysis on WhatsApp or Discord in 30 seconds.
Civ guide
Lithuanians
Perfil
dylanrobinson54